[gd_scene load_steps=11 format=2]

[ext_resource path="res://Scenes/resources/LightSensitiveMaterial.tres" type="Material" id=1]
[ext_resource path="res://Rooms/GeneralRoom.gd" type="Script" id=2]
[ext_resource path="res://Rooms/debugBG.tscn" type="PackedScene" id=3]
[ext_resource path="res://assets/backgrounds/FloorTiles.tres" type="TileSet" id=4]
[ext_resource path="res://assets/backgrounds/WallTiles.tres" type="TileSet" id=5]
[ext_resource path="res://Scenes/StairCase.tscn" type="PackedScene" id=6]
[ext_resource path="res://Scenes/Trap.tscn" type="PackedScene" id=7]
[ext_resource path="res://Scenes/Player.tscn" type="PackedScene" id=8]
[ext_resource path="res://Scenes/Monster.tscn" type="PackedScene" id=9]
[ext_resource path="res://Scenes/CanvasLayer.tscn" type="PackedScene" id=10]

[node name="Room" type="Node2D"]
material = ExtResource( 1 )
script = ExtResource( 2 )

[node name="Floor" type="Node2D" parent="."]
use_parent_material = true

[node name="BG" parent="Floor" instance=ExtResource( 3 )]
position = Vector2( 1325.66, 391.51 )

[node name="Floor" type="TileMap" parent="Floor"]
use_parent_material = true
tile_set = ExtResource( 4 )
cell_size = Vector2( 256, 256 )
format = 1
tile_data = PoolIntArray( 4, 0, 0, 5, 0, 0, 6, 0, 0, 65538, 0, 0, 65539, 0, 0, 65540, 0, 0, 65541, 0, 0, 65542, 0, 0, 65543, 0, 0, 65544, 0, 0, 65545, 0, 0, 131073, 1073741824, 0, 131074, 0, 0, 131075, 0, 0, 131076, 0, 0, 131077, 0, 0, 131078, 0, 0, 131079, 0, 0, 131080, 0, 0, 131081, -2147483648, 0, 196610, 0, 0, 196611, 0, 0, 196612, 0, 0, 196613, -1073741824, 0, 196614, 0, 0, 196615, 0, 0, 196616, 0, 0, 262146, 0, 0, 262147, 0, 0, 262148, 0, 0, 262149, 0, 0, 262150, 0, 0, 262151, 0, 0, 262152, 0, 0, 327682, 0, 0, 327683, -1610612736, 0, 327684, 0, 0, 327685, 0, 0, 327686, 0, 0, 327687, 0, 0, 393221, 0, 0 )

[node name="Walls" type="TileMap" parent="Floor"]
use_parent_material = true
tile_set = ExtResource( 5 )
cell_size = Vector2( 256, 256 )
format = 1
tile_data = PoolIntArray( -65532, 8, 0, -65531, 536870919, 0, -65530, 536870920, 0, 4, 1073741824, 0, 6, 536870912, 0, 65536, 8, 0, 65537, 536870919, 0, 65538, 536870919, 0, 65539, 536870919, 0, 65540, 3, 0, 65542, 536870915, 0, 65543, 536870919, 0, 65544, 536870919, 0, 65545, 536870919, 0, 65546, 536870920, 0, 131082, 536870912, 0, 196608, -536870911, 0, 196609, -536870912, 0, 196610, -536870901, 0, 196616, -1073741813, 0, 196617, -536870912, 0, 196618, 536870913, 0, 262146, 1073741824, 0, 262152, 536870912, 0, 327682, -536870911, 0, 327683, -536870912, 0, 327684, 11, 0, 327686, 536870923, 0, 327687, -1073741824, 0, 327688, 536870913, 0, 393220, 0, 0, 393222, 1610612736, 0, 458756, -536870911, 0, 458757, -1073741824, 0, 458758, 536870913, 0 )

[node name="StairCase" parent="." instance=ExtResource( 6 )]
position = Vector2( 128, 640 )

[node name="Sprite" parent="StairCase" index="0"]
animation = "side"
flip_h = true

[node name="Trap" parent="." instance=ExtResource( 7 )]
position = Vector2( 1152, 899.755 )

[node name="Trap2" parent="." instance=ExtResource( 7 )]
position = Vector2( 1407.66, 899.22 )

[node name="Trap3" parent="." instance=ExtResource( 7 )]
position = Vector2( 1664, 899.755 )

[node name="YSort" type="YSort" parent="."]
use_parent_material = true

[node name="Player" parent="YSort" instance=ExtResource( 8 )]
position = Vector2( 1418.62, 1664 )

[node name="Monster" parent="YSort" instance=ExtResource( 9 )]
position = Vector2( 2176, 640 )

[node name="Monster3" parent="YSort" instance=ExtResource( 9 )]
position = Vector2( 640, 640 )

[node name="Monster2" parent="YSort" instance=ExtResource( 9 )]
position = Vector2( 1413.12, 384 )

[node name="CanvasLayer" parent="." instance=ExtResource( 10 )]

[node name="Transition" parent="CanvasLayer" index="0"]
visible = false

[editable path="StairCase"]

[editable path="CanvasLayer"]
